Map: Terrasses de Prion

Players

GAGARIN - Winner!

  • Race: Terran Terran
  • League: Diamond

DamDam

  • Race: Terran Terran
  • League: Diamond

VOD

Have the link to the VOD?

Description

Time

  • Played on: May 10, 2016, 1:56 p.m.
  • Length: 12:35
Show
View Real Time Build Order
Export as new Build Order

GAGARIN Terran - Winner!

Build Orders: 1/1/1, MMM Bio, Banshee Rush 

Get SALT Encoding   

  12  0:02  SCV  
  13  0:15  SCV  
  13  0:18  Supply Depot  
  14  0:27  SCV  
  15  0:32  Refinery  
  15  0:40  SCV  
  16  0:45  Barracks  
  16  0:53  Refinery  
  16  0:57  SCV  
  17  1:09  SCV  
  18  1:22  SCV  
  19  1:34  Factory  
  19  1:37  Reaper, Orbital Command  
  20  1:47  Supply Depot  
  20  2:03  SCV  
  21  2:09  Reaper  
  22  2:18  Hellion  
  22  2:22  Starport  
  24  2:25  SCV  
  24  2:28  Supply Depot  
  24  2:37  SCV  
  24  2:44  Reaper  
  26  2:45  Hellion  
  26  2:49  SCV  
  29  3:01  SCV  
  30  3:06  Hellion  
  30  3:07  Starport Tech Lab  
  32  3:13  SCV  
  32  3:16  Reaper  
  32  3:17  Supply Depot  
  34  3:26  SCV  
  35  3:27  Hellion  
  37  3:38  Cloaking Field  
  37  3:39  Banshee  
  38  3:55  SCV  
  38  3:56  Factory Reactor  
  38  3:58  Factory Tech Lab, Barracks Reactor  
  39  4:09  Command Center  
  39  4:14  SCV  
  40  4:18  Cyclone  
  40  4:23  Supply Depot  
  43  4:26  Banshee, SCV  
  47  4:44  Marine  
  47  4:45  SCV  
  49  4:47  Supply Depot  
  49  4:54  Barracks  
  49  4:56  Engineering Bay  
  49  4:57  SCV  
  50  5:09  Banshee, Supply Depot, SCV  
  54  5:22  Siege Tank, Barracks  
  54  5:26  Orbital Command  
  57  5:37  SCV  
  57  5:42  Refinery x2  
  58  5:49  SCV  
  56  5:52  SCV  
  57  6:01  SCV  
  57  6:03  Marine x2  
  60  6:04  Barracks Tech Lab  
  60  6:07  Terran Infantry Weapons Level 1  
  60  6:21  Marine x2  
  60  6:25  SCV x2  
  64  6:28  Siege Tank  
  64  6:30  Barracks Reactor  
  64  6:31  Command Center  
  67  6:35  Stimpack  
  67  6:36  Marine  
  67  6:37  SCV x2  
  67  6:38  Marine  
  71  6:49  SCV x2  
  73  7:01  Marine x2, SCV x2  
  73  7:02  Marauder  
  76  7:09  Siege Tank, Marine x2  
  76  7:13  SCV  
  76  7:14  SCV  
  83  7:19  Marine x2  
  82  7:23  Marauder  
  82  7:24  Missile Turret  
  82  7:25  Starport Reactor, SCV  
  82  7:26  SCV  
  82  7:27  Engineering Bay  
  86  7:36  Marine  
  86  7:43  SCV x2  
  88  7:44  Marauder  
  90  7:55  SCV x2  
  88  8:00  Refinery  
  84  8:07  SCV x2  
  84  8:10  Marine x2  
  84  8:11  Marine x2  
  84  8:12  Medivac x2  
  93  8:19  SCV  
  94  8:20  Terran Infantry Armor Level 1  
  94  8:22  Refinery  
  94  8:23  Marine  
  95  8:27  Barracks  
  95  8:28  Barracks, Marine x3  
  95  8:32  Barracks  
  95  8:33  Barracks  
  97  8:34  Orbital Command  
  97  8:38  Marine, SCV  
  97  8:41  Marine, Combat Shields  
  100  8:57  Marine  
  100  9:01  Supply Depot  
  101  9:05  Armory, Supply Depot  
  101  9:22  Marine x4, Medivac x2  
  109  9:26  Marine x3  
  112  9:33  Missile Turret, SCV  
  113  9:52  Medivac x2  
  117  9:53  Terran Infantry Weapons Level 2  
  117  10:00  Supply Depot  
  117  10:01  Barracks Reactor x4, Supply Depot  
  117  10:17  Command Center  
  117  10:19  Supply Depot  
  117  10:20  Supply Depot x2  
  117  10:22  Siege Tank, Marine x5, Barracks, SCV  
  117  10:23  Barracks  
  117  10:24  Barracks  
  117  10:27  Medivac x2  
  129  10:37  Marine  
  129  10:39  Marine x3  
  129  10:40  Marine x4  
  130  10:51  Marine x5  
  130  10:54  Siege Tank  
  130  10:55  Marine  
  138  10:57  Marine x3, Medivac x2  
  138  10:58  Marine x4  
  147  11:09  Marine x5  
  152  11:12  Marine  
  152  11:15  Marine  
  152  11:17  Marauder  
  148  11:25  SCV x2  
  149  11:26  Siege Tank  
  149  11:28  Marine  
  153  11:39  Marine  
  139  11:57  Reaper x3, Marine x7  
  147  12:06  Marine x2  
Show
View Real Time Build Order
Export as new Build Order

DamDam Terran 

Build Orders: MMM Bio 

Get SALT Encoding   

  12  0:01  SCV  
  13  0:13  SCV  
  14  0:17  Supply Depot  
  14  0:25  SCV  
  15  0:39  SCV  
  15  0:40  Barracks  
  16  0:51  SCV  
  16  0:53  Refinery  
  16  0:56  Refinery  
  17  1:05  SCV  
  18  1:17  SCV  
  19  1:28  Supply Depot  
  19  1:29  Orbital Command  
  19  1:30  Reaper  
  20  1:49  Factory  
  20  1:56  SCV  
  21  2:03  Marine  
  21  2:08  SCV  
  23  2:20  SCV  
  23  2:21  Marine  
  25  2:32  SCV  
  26  2:37  Starport  
  26  2:39  Marine  
  26  2:42  Factory Tech Lab  
  27  2:44  SCV  
  28  2:56  Marine, SCV  
  30  2:59  Supply Depot  
  30  3:00  Barracks x2  
  30  3:18  Engineering Bay  
  31  3:20  SCV  
  31  3:21  Siege Tank  
  31  3:25  Medivac  
  35  3:28  Marine  
  35  3:48  Barracks Tech Lab  
  35  3:50  Marine  
  35  3:51  Barracks Reactor  
  35  3:53  Siege Tank  
  39  4:03  Missile Turret  
  39  4:16  Stimpack  
  39  4:17  Missile Turret  
  39  4:22  Supply Depot  
  39  4:40  Terran Infantry Weapons Level 1  
  39  4:44  Medivac  
  45  4:52  Command Center  
  40  5:09  Marine, SCV  
  40  5:11  Missile Turret  
  41  5:14  Medivac  
  41  5:16  Marine  
  41  5:21  Marine x2  
  44  5:28  SCV  
  41  5:37  Marine  
  41  5:39  Marine  
  41  5:40  SCV  
  41  5:46  Marine x2  
  43  5:52  SCV  
  43  5:55  Marine, Starport Reactor  
  43  6:04  SCV  
  42  6:25  SCV  
  44  6:33  Orbital Command  
  44  6:34  Missile Turret  
  44  6:35  Siege Tank, Marine  
  44  6:36  Marine x2  
  44  6:37  Marine, SCV  
  51  6:49  SCV  
  52  6:59  Marine x2  
  52  7:01  Marine  
  52  7:02  Marine  
  52  7:04  Medivac  
  52  7:07  Siege Tank  
  59  7:15  SCV x2  
  60  7:20  Marine x2  
  62  7:26  Marine x2  
  62  7:29  Refinery  
  64  7:38  Marine  
  64  7:41  SCV x2  
  68  7:45  Supply Depot  
  68  7:48  Supply Depot  
  68  7:50  Terran Infantry Armor Level 1  
  67  7:53  SCV  
  67  8:02  Marine  
  67  8:03  Marine x3  
  69  8:06  Combat Shields  
  69  8:14  Supply Depot  
  69  8:31  Marine x2  
  69  8:32  Marine  
  72  8:39  Marine  
  73  8:45  Command Center  
  73  8:49  Marine  
  73  8:50  Marine  
  75  8:55  Marine  
  75  8:56  Siege Tank  
  75  8:57  Medivac  
  81  9:09  Marine  
  82  9:10  SCV  
  82  9:11  SCV  
  82  9:13  Refinery  
  84  9:23  Marine, SCV x2  
  87  9:25  Concussive Shells  
  87  9:28  Engineering Bay  
  87  9:30  Supply Depot  
  87  9:42  Marine  
  87  9:43  Siege Tank, Marine x3  
  84  10:00  Marine  
  84  10:02  Armory  
  85  10:08  Marine x2  
  85  10:11  Marine  
  85  10:13  Orbital Command  
  88  10:14  SCV  
  88  10:16  SCV  
  88  10:18  Marine  
  91  10:22  Medivac  
  91  10:23  Medivac  
  91  10:26  Marine x2, SCV  
  98  10:33  Marine  
  101  10:36  Marine  
  101  10:37  Siege Tank  
  103  10:43  Marine  
  103  10:44  Marine  
  104  10:51  Marine  
  104  10:54  Marine  
  102  11:01  Marine  
  102  11:02  Marine  
  97  11:09  Marine  
  97  11:11  Marine  
  97  11:12  Siege Tank  
  97  11:13  Medivac x2  
  96  11:19  Marine  
  96  11:20  Marine, SCV  
  96  11:21  SCV  
  100  11:27  Marine  
  100  11:29  Marine  
  100  11:32  SCV x2  
  104  11:33  SCV  
  104  11:37  Marine x2  
  103  11:44  SCV x2  
  103  11:45  Marine, SCV  
  107  11:47  Marine  
  107  11:53  Barracks x2  
  107  11:54  Armory  
  100  11:55  Marine  
  100  11:56  SCV x2  
  100  11:57  SCV  
  100  11:59  Medivac x2  
  95  12:03  Marine  
  95  12:04  Marine  
  95  12:05  Marine  
  102  12:08  SCV  
  102  12:09  SCV x2  
  102  12:13  Marine  
  105  12:20  SCV  
  105  12:21  SCV x2  
Tags
 
Add a new tag
Caveats
  • Supply blocks, unpowered buildings, or Contaminate may cause inaccurate times.
  • Supply counts are checked every 10 seconds.